Cogmind - Beta 10.1 @@@ ROGUE MODE // 2020.10.03 @ 21:12:31 // Winter2019/RPGLIKE Player: HOTSOUP Result: Destroyed by P-60 Hacker with Shock Rifle Performance ------------- Evolutions (4) 2000 Regions Visited (9) 1800 Robots Destroyed (44) 220 Value Destroyed (922) 922 Prototype IDs (9) 180 Alien Tech Used (0) 0 Bonus (315) 315 TOTAL SCORE: 5437 Bonus ------- High Alert Combat Kills 15 Aligned with FarCom 300 Cogmind --------- Core Integrity 0/1050 Matter 249/300 Energy 150/150 System Corruption 0% Temperature Cool (0) Movement Core (50) Location -6/Factory Parts ------- > --- POWER (1) -------- (None) > --- PROPULSION (1) --- (None) > --- UTILITY (5) ------ Targeting Computer Improved Melee Analysis Suite Target Analyzer Trap Reconfigurator > --- WEAPON (1) ------- Heavy Hammer > --- INVENTORY (0) ---- (None) Peak State ------------ > --- POWER ------------ Improved Deuterium Engine > --- PROPULSION ------- VTOL Module > --- UTILITY ---------- Targeting Computer Targeting Computer Improved Melee Analysis Suite Target Analyzer Trap Reconfigurator > --- WEAPON ----------- Heavy Hammer > --- INVENTORY -------- (None) [Rating: 26] Favorites ----------- Power Light Ion Engine Engine Light Ion Engine Propulsion VTOL Module Flight Unit VTOL Module Utility Targeting Computer Device Trap Reconfigurator Processor Targeting Computer Protection Improved Light Armor Plating Weapon Heavy Hammer Energy Gun Advanced Beam Rifle Energy Cannon EM Pulse Cannon Ballistic Gun Minigun Impact Weapon Heavy Hammer Build | -11 -10 -10 -9 -9 -9 -8 -8 -7 -6 ------- Run | Scr Mat Min Mat Min Exi Min Mat Fac Fac Slots Evolved 4 | 1 . 1 1 1 . . . . . Power . | . . . . . . . . . . Propulsion . | . . . . . . . . . . Utility 4 | 1 . 1 1 1 . . . . . Weapon . | . . . . . . . . . . Parts Attached 42 | 2 5 2 10 . 3 . 10 8 2 Power 8 | 1 . 1 3 . . . 1 2 . Engine 8 | 1 . 1 3 . . . 1 2 . Core . | . . . . . . . . . . Reactor . | . . . . . . . . . . Propulsion 5 | . 1 1 1 . . . 1 1 . Treads . | . . . . . . . . . . Leg . | . . . . . . . . . . Wheel . | . . . . . . . . . . Hover . | . . . . . . . . . . Flight 5 | . 1 1 1 . . . 1 1 . Utility 15 | . 3 . 1 . 3 . 5 2 1 Device 5 | . 1 . . . 2 . 1 1 . Storage . | . . . . . . . . . . Processor 8 | . 2 . . . 1 . 3 1 1 Hackware . | . . . . . . . . . . Protection 2 | . . . 1 . . . 1 . . Artifact . | . . . . . . . . . . Weapon 14 | 1 1 . 5 . . . 3 3 1 Energy Gun 7 | . 1 . 4 . . . 2 . . Energy Cannon 2 | . . . 1 . . . 1 . . Ballistic Gun 2 | 1 . . . . . . . 1 . Ballistic Cannon . | . . . . . . . . . . Launcher . | . . . . . . . . . . Special Weapon . | . . . . . . . . . . Impact Weapon 3 | . . . . . . . . 2 1 Slashing Weapon . | . . . . . . . . . . Piercing Weapon . | . . . . . . . . . . Special Melee Weapon . | . . . . . . . . . . Unidentified Prototypes 7 | . . . 3 . 3 . 1 . . Parts Lost 2 | . . . . . . . . 2 . Power 1 | . . . . . . . . 1 . Propulsion 1 | . . . . . . . . 1 . Utility . | . . . . . . . . . . Weapon . | . . . . . . . . . . Highest Loss Streak 1 | . . . . . . . . 1 . Average Slot Usage (%) 85 | . 82 91 75 76 81 87 98 91 52 Engine 11 | . 20 18 14 12 12 12 12 9 . Flight 10 | . 12 18 14 12 12 12 12 10 . Device 9 | . 9 . . . 5 12 12 11 12 Processor 33 | . 20 36 28 25 26 25 35 45 27 Protection 5 | . . . 4 12 12 12 12 . . Energy Gun 9 | . 19 18 13 12 12 12 11 . . Impact Weapon 3 | . . . . . . . . 10 12 Naked Turns . | . . . . . . . . . . Heaviest Build 14 | 4 7 6 14 9 10 10 13 10 4 Greatest Support 10 | 8 9 9 10 10 10 10 10 10 8 Greatest Overweight (x) 1 | . . . 1 . . . 1 . . Average Overweight (x) . | . . . . . . . . . . Largest Inventory Capacity . | . . . . . . . . . . Average Capacity . | . . . . . . . . . . Most Carried . | . . . . . . . . . . Average Carried . | . . . . . . . . . . Final Capacity . | . . . . . . . . . . Final Carried . | . . . . . . . . . . Class Distribution -------------------- 100% | Hacker-Mutant Dominant Class ---------------- Hacker-Mutant | -10/Materials Hacker-Mutant | -10/Mines Hacker-Mutant | -9/Materials Hacker-Mutant | -9/Mines Hacker-Mutant | -9/Exiles Hacker-Mutant | -8/Mines Hacker-Mutant | -8/Materials Hacker-Mutant | -7/Factory Hacker-Mutant | -6/Factory Resources | -11 -10 -10 -9 -9 -9 -8 -8 -7 -6 ----------- Run | Scr Mat Min Mat Min Exi Min Mat Fac Fac Matter Collected 572 | 194 73 26 73 . . . 112 94 . Remotely . | . . . . . . . . . . Salvage Created 1279 | . 210 97 385 . . . 411 153 23 Parts 85 | . 20 10 15 . . . 38 2 . Haulers Intercepted 2 | . . . 1 . . . 1 . . Recyclers Shooed . | . . . . . . . . . . Parts Field Recycled . | . . . . . . . . . . Retrieved Matter . | . . . . . . . . . . Parts Self-Destructed . | . . . . . . . . . . Prevented . | . . . . . . . . . . Kills | -11 -10 -10 -9 -9 -9 -8 -8 -7 -6 ------- Run | Scr Mat Min Mat Min Exi Min Mat Fac Fac Combat Hostiles Destroyed 30 | . 6 4 6 . . . 13 1 . Melee 1 | . . . . . . . . 1 . Guns 23 | . 5 3 6 . . . 9 . . Cannons 4 | . . . . . . . 4 . . AOE 1 | . . 1 . . . . . . . Classes Destroyed 10 | . 3 . 3 . . . 2 2 . Worker 1 | . . . . . . . . 1 . Builder 1 | . . . . . . . 1 . . Hauler 2 | . . . 1 . . . 1 . . Recycler 1 | . . . 1 . . . . . . Operator 3 | . . . . . . . 2 1 . Watcher 6 | . 2 . 2 . . . . 1 1 Swarmer 18 | . 3 3 2 . . . 10 . . Grunt 8 | . 3 1 3 . . . 1 . . Sentry 3 | . . . 1 . . . 2 . . Programmer 1 | . . . . . . . . 1 . Best Kill Streak 4 | . 2 3 4 . . . 4 2 1 Combat Bots Only 4 | . 2 3 3 . . . 4 1 . Max Kills in Single Turn 1 | . 1 1 1 . . . 1 1 1 Gunslinging . | . . . . . . . . . . Exploded 1 | . . 1 . . . . . . . Melee 1 | . . . . . . . . 1 . Uniques/NPCs Destroyed . | . . . . . . . . . . Combat | -11 -10 -10 -9 -9 -9 -8 -8 -7 -6 -------- Run | Scr Mat Min Mat Min Exi Min Mat Fac Fac Damage Taken 2111 | . 312 63 152 . . 8 951 536 89 Core 1645 | . 260 50 119 . . 6 652 472 86 Absorbed by Shields 18 | . . . . . . . . 18 . Redirected to Core 977 | . 157 38 71 . . 6 473 221 11 Core Remaining (%) 66 | 100 . 100 . . . 96 34 3 . Volleys Fired 165 | 3 43 7 30 . . . 82 . . Largest 1 | 1 1 1 1 . . . 1 . . Hottest 63 | 20 56 56 45 . . . 63 . . Shots Fired 165 | 3 43 7 30 . . . 82 . . Gun 159 | 3 43 7 30 . . . 76 . . Cannon 6 | . . . . . . . 6 . . Launcher . | . . . . . . . . . . Special . | . . . . . . . . . . Kinetic 3 | 3 . . . . . . . . . Thermal 124 | . 43 7 . . . . 74 . . Explosive . | . . . . . . . . . . Electromagnetic 38 | . . . 30 . . . 8 . . Robot Hit Streak 23 | 2 10 3 9 . . . 23 . . Robot Miss Streak 6 | 1 6 2 2 . . . 1 . . Penetration Max . | . . . . . . . . . . Secondary Targets . | . . . . . . . . . . Shots Hit Robots 122 | 2 19 4 20 . . . 57 17 3 Core Hits 46 | . 9 3 10 . . . 21 3 . Critical Hits . | . . . . . . . . . . Critical Kills . | . . . . . . . . . . Critical Parts Destroyed . | . . . . . . . . . . Melee Attacks 32 | . . . . . . . . 28 4 Impact 32 | . . . . . . . . 28 4 Slashing . | . . . . . . . . . . Piercing . | . . . . . . . . . . Sneak Attacks 2 | . . . . . . . . 2 . Combat Hostiles . | . . . . . . . . . . Follow-up Attacks . | . . . . . . . . . . Damage Inflicted 2719 | 12 349 62 467 . . . 1194 552 83 Guns 1869 | 12 349 62 379 . . . 1067 . . Cannons 117 | . . . . . . . 117 . . Explosions 88 | . . . 88 . . . . . . Melee 635 | . . . . . . . . 552 83 Ramming 10 | . . . . . . . 10 . . Kinetic 12 | 12 . . . . . . . . . Thermal 1539 | . 349 62 88 . . . 1040 . . Explosive . | . . . . . . . . . . Electromagnetic 523 | . . . 379 . . . 144 . . Impact 635 | . . . . . . . . 552 83 Slashing . | . . . . . . . . . . Piercing . | . . . . . . . . . . Highest Corruption 2 | . . . . . . . . 2 . Average Corruption 1 | . . . . . . . . 1 . Corruption Purged . | . . . . . . . . . . Effects 4 | . . . . . . . . 4 . Message Errors 2 | . . . . . . . . 2 . Data Loss (minor) 1 | . . . . . . . . 1 . Targeting Errors 1 | . . . . . . . . 1 . Overload Shots . | . . . . . . . . . . Overflow Damage 202 | . . . 20 . . . . 177 5 Projectiles . | . . . . . . . . . . Explosions 20 | . . . 20 . . . . . . Melee 182 | . . . . . . . . 177 5 Knockbacks 5 | . . . . . . . . 5 . Impact 5 | . . . . . . . . 5 . Kinetic . | . . . . . . . . . . Secondary . | . . . . . . . . . . Self-Inflicted Damage 10 | . . . . . . . 10 . . Shots . | . . . . . . . . . . Rammed . | . . . . . . . . . . Targets Rammed . | . . . . . . . . . . Kicked . | . . . . . . . . . . Crushed . | . . . . . . . . . . Highest Temperature 233 | . 172 108 6 . . . 233 . . Average Temperature 55 | . 66 49 5 . . . 50 . . Received Heat Transfer 607 | . 76 12 12 . . . 378 129 . Siege Activations . | . . . . . . . . . . Robots Corrupted 1 | . . . 1 . . . . . . Combat Hostiles . | . . . . . . . . . . Parts Fried 16 | . . . 4 . . . 1 8 3 Impact Corruptions 9 | . . . . . . . . 8 1 Robots Melted 1 | . 1 . . . . . . . . Combat Hostiles 1 | . 1 . . . . . . . . Parts Melted 5 | . 2 . . . . . 1 2 . Heat Transferred 2949 | . 888 148 100 . . . 1813 . . Parts Sabotaged . | . . . . . . . . . . Parts Stolen . | . . . . . . . . . . Parts Stripped . | . . . . . . . . . . Power Chain Reactions 1 | . . . 1 . . . . . . Missiles Intercepted . | . . . . . . . . . . Alert | -11 -10 -10 -9 -9 -9 -8 -8 -7 -6 ------- Run | Scr Mat Min Mat Min Exi Min Mat Fac Fac Peak Influence 693 | . 197 181 272 70 . . 303 629 693 Initial 246 | . . 76 70 70 . . . 137 246 Average 214 | . 95 164 139 70 . . 180 380 309 Maximum Alert Level 2 | . . . 1 . . . 1 2 2 Low Security (%) 57 | 100 100 100 74 100 . 100 53 36 . Level 1 27 | . . . 25 . . . 46 . 89 Level 2 15 | . . . . . . . . 63 10 Level 3 . | . . . . . . . . . . Level 4 . | . . . . . . . . . . Level 5 . | . . . . . . . . . . High Security . | . . . . . . . . . . Max Security . | . . . . . . . . . . Squads Dispatched 9 | . . . 2 . . . 3 4 . Investigation 4 | . . . 1 . . . 1 2 . Extermination 1 | . . . . . . . . 1 . Reinforcement 3 | . . . 1 . . . 2 . . Assault . | . . . . . . . . . . Garrison 1 | . . . . . . . . 1 . Intercept . | . . . . . . . . . . Construction Impeded . | . . . . . . . . . . Haulers Reinforced . | . . . . . . . . . . Stealth | -11 -10 -10 -9 -9 -9 -8 -8 -7 -6 --------- Run | Scr Mat Min Mat Min Exi Min Mat Fac Fac Distress Signals 1 | . . . . . . . . 1 . Communications Jammed . | . . . . . . . . . . Distress Signals . | . . . . . . . . . . Times Spotted 91 | . 11 5 10 . . 3 29 31 2 Peak Tracking Total 10 | . 3 3 4 . . 3 9 10 1 Tactical Retreats 10 | . 1 . . . . . 4 5 . Traps | -11 -10 -10 -9 -9 -9 -8 -8 -7 -6 ------- Run | Scr Mat Min Mat Min Exi Min Mat Fac Fac Traps Triggered 3 | . . . . . . . . 3 . Indirectly . | . . . . . . . . . . Trap Hack Attempts . | . . . . . . . . . . Triggered . | . . . . . . . . . . Disarmed . | . . . . . . . . . . Reprogrammed . | . . . . . . . . . . Reused 2 | . . . . . . . 1 1 . Traps Reconfigurated 20 | . . . . . . . 6 12 2 Traps Extracted . | . . . . . . . . . . Installed . | . . . . . . . . . . Triggered 3 | . . 1 . . . . 1 1 . Machines | -11 -10 -10 -9 -9 -9 -8 -8 -7 -6 ---------- Run | Scr Mat Min Mat Min Exi Min Mat Fac Fac Machines Disabled 5 | . . . 1 . . . 4 . . Max in Single Turn 2 | . . . 1 . . . 2 . . Garrison Access 1 | . . . . . . . . 1 . Machines Sabotaged . | . . . . . . . . . . Garrisons Compromised . | . . . . . . . . . . Overloaded Fab Kills . | . . . . . . . . . . Fab Network Shutdowns 2 | . . . . . . . . 1 1 Hacking | -11 -10 -10 -9 -9 -9 -8 -8 -7 -6 --------- Run | Scr Mat Min Mat Min Exi Min Mat Fac Fac Machines Accessed 17 | . 2 . 4 . . . 5 5 1 Terminals 12 | . 2 . 3 . . . 5 2 . Fabricators 2 | . . . . . . . . 1 1 Repair Stations . | . . . . . . . . . . Recycling Units 1 | . . . . . . . . 1 . Scanalyzers 1 | . . . 1 . . . . . . Garrison Access 1 | . . . . . . . . 1 . Total Hacks 55 | . 5 . 13 . . . 14 19 4 Successful 38 | . 4 . 11 . . . 10 9 4 Failed 17 | . 1 . 2 . . . 4 10 . Catastrophic 1 | . 1 . . . . . . . . Database Lockouts . | . . . . . . . . . . Manual 41 | . 3 . 13 . 1 . 14 10 . Terminals 40 | . 5 . 12 . . . 14 9 . Fabricators 9 | . . . . . . . . 5 4 Repair Stations . | . . . . . . . . . . Recycling Units 2 | . . . . . . . . 2 . Scanalyzers 1 | . . . 1 . . . . . . Garrison Access 3 | . . . . . . . . 3 . Terminal Hacks 16 | . 2 . 7 . . . 5 2 . Record 1 | . . . . . . . . 1 . Part Schematic 1 | . . . 1 . . . . . . Robot Schematic 1 | . . . . . . . . 1 . Robot Analysis 5 | . 1 . 3 . . . 1 . . Prototype ID Bank 1 | . . . 1 . . . . . . Level Access Points 1 | . . . . . . . 1 . . Branch Access Points 1 | . 1 . . . . . . . . Alert Level 1 | . . . 1 . . . . . . Unreport Threat 1 | . . . 1 . . . . . . Locate Traps 3 | . . . . . . . 3 . . Fabricator Hacks 6 | . . . . . . . . 2 4 Load Schematic 2 | . . . . . . . . 1 1 Build 4 | . . . . . . . . 1 3 Repair Station Hacks . | . . . . . . . . . . Recycling Unit Hacks 1 | . . . . . . . . 1 . Report Inventory 1 | . . . . . . . . 1 . Scanalyzer . | . . . . . . . . . . Garrison Access Hacks 1 | . . . . . . . . 1 . Seal Access 1 | . . . . . . . . 1 . Unauthorized Hacks 14 | . 2 . 4 . . . 5 3 . Terminals 12 | . 2 . 3 . . . 5 2 . Botnet 8 | . 2 . 3 . . . 2 1 . Detonate 2 | . . . . . . . 1 1 . Disrupt 1 | . . . . . . . 1 . . Operators 1 | . . . . . . . 1 . . Fabricators . | . . . . . . . . . . Repair Stations . | . . . . . . . . . . Recycling Units 1 | . . . . . . . . 1 . Tunnel 1 | . . . . . . . . 1 . Scanalyzers 1 | . . . 1 . . . . . . Extract 1 | . . . 1 . . . . . . Garrison Access . | . . . . . . . . . . Data Cores Recovered 2 | . . . . . . . 1 1 . Used 1 | . . . . . . . . 1 . Hacking Detections 11 | . 2 . 2 . . . 2 4 1 Full Trace Events 2 | . . . . . . . 1 1 . Feedback Events . | . . . . . . . . . . Feedback Blocked . | . . . . . . . . . . Robot Schematics Acquired 1 | . . . . . . . . 1 . Robots Built 9 | . . . . . . . . . 9 Matter 756 | . . . . . . . . . 756 Time 201 | . . . . . . . . . 201 Total Robot Build Rating 36 | . . . . . . . . . 36 Part Schematics Acquired 6 | . . . 6 . . . . . . Parts Built 2 | . . . . . . . . 2 . Matter 124 | . . . . . . . . 124 . Time 31 | . . . . . . . . 31 . Total Part Build Rating 4 | . . . . . . . . 4 . Parts Repaired . | . . . . . . . . . . Time . | . . . . . . . . . . Parts Recycled . | . . . . . . . . . . Recycled Matter . | . . . . . . . . . . Retrieved Matter . | . . . . . . . . . . Retrieved Components . | . . . . . . . . . . Parts Scanalyzed . | . . . . . . . . . . Part Schematics Acquired . | . . . . . . . . . . Parts Damaged . | . . . . . . . . . . Bothacking | -11 -10 -10 -9 -9 -9 -8 -8 -7 -6 ------------ Run | Scr Mat Min Mat Min Exi Min Mat Fac Fac Used RIF Installer . | . . . . . . . . . . Robots Hacked . | . . . . . . . . . . Non-combat . | . . . . . . . . . . Combat . | . . . . . . . . . . Robot Hacks Applied . | . . . . . . . . . . Relay Couplers Released . | . . . . . . . . . . Robots Rewired . | . . . . . . . . . . Allies Hacked . | . . . . . . . . . . Hacks Repelled . | . . . . . . . . . . Allies | -11 -10 -10 -9 -9 -9 -8 -8 -7 -6 -------- Run | Scr Mat Min Mat Min Exi Min Mat Fac Fac Total Allies 9 | . . . . . . . . . 9 Largest Group 9 | . . . . . . . . . 9 Highest-Rated Group 180 | . . . . . . . . . 180 Highest-Rated Ally 20 | . . . . . . . . . 20 Total Orders . | . . . . . . . . . . Ally Attacks 3 | . . . . . . . . . 3 Total Damage 42 | . . . . . . . . . 42 Kills . | . . . . . . . . . . Allies Corrupted . | . . . . . . . . . . Allies Melted . | . . . . . . . . . . Intel | -11 -10 -10 -9 -9 -9 -8 -8 -7 -6 ------- Run | Scr Mat Min Mat Min Exi Min Mat Fac Fac Robot Analysis Total 5 | . 1 . 3 . . . 1 . . Derelict Logs Recovered 3 | . . 3 . . . . . . . Drone Launches . | . . . . . . . . . . Drone Recoveries . | . . . . . . . . . . Exploration | -11 -10 -10 -9 -9 -9 -8 -8 -7 -6 ------------- Run | Scr Mat Min Mat Min Exi Min Mat Fac Fac Turns Passed 2532 | 22 239 217 229 55 92 128 689 537 324 Spaces Moved 3143 | 27 294 435 297 32 217 48 948 563 282 Core 476 | 27 76 . . . . . . 91 282 Treads . | . . . . . . . . . . Legs . | . . . . . . . . . . Wheels . | . . . . . . . . . . Hover . | . . . . . . . . . . Flight 2667 | . 218 435 297 32 217 48 948 472 . Fastest Speed 40 | 50 40 40 40 40 40 40 40 40 50 Average Speed 41 | 50 42 40 40 40 40 40 40 41 50 Slowest Speed 120 | 50 50 40 120 40 40 40 120 50 50 Overloaded Moves . | . . . . . . . . . . Propulsion Burnouts . | . . . . . . . . . . Robots Hopped 41 | . 1 8 7 . . 2 8 15 . Cave-ins Triggered . | . . . . . . . . . . Time Travels 1 | . . . . . 1 . . . . Exploration Rate (%) 35 | 4 68 89 24 10 65 8 57 22 6 Regions Visited 9 Branch Regions 4 Pre-discovered Areas 1 | . . . . . . . . 1 . Known Exits Taken 7 | . 1 1 1 1 1 1 1 . . Unknown Exits Taken 2 | 1 . . . . . . . 1 . Scrap Searched 2 | . . 2 . . . . . . . Spaces Dug 2 | . . . . . . . . 2 . Terrain Destroyed 71 | . . . 22 . . . 47 2 . Melee 2 | . . . . . . . . 2 . Projectile . | . . . . . . . . . . AOE 69 | . . . 22 . . . 47 . . Terrain Rammed 1 | . . . . . . . 1 . . Walls Destroyed . | . . . . . . . . . . Machines Disabled . | . . . . . . . . . . Actions | -11 -10 -10 -9 -9 -9 -8 -8 -7 -6 --------- Run | Scr Mat Min Mat Min Exi Min Mat Fac Fac Total 4086 | 31 361 463 369 73 221 154 1163 793 458 Wait 679 | . 8 20 26 42 . 109 112 193 169 Move 3058 | 26 291 418 283 31 216 43 931 537 282 Hop 35 | . 1 8 6 . . 2 8 10 . Pick Up . | . . . . . . . . . . Fast Attach 34 | 2 5 . 8 . 3 . 8 7 1 Attach . | . . . . . . . . . . Detach . | . . . . . . . . . . Swap 8 | . . 2 2 . . . 2 1 1 Drop 30 | . 2 2 9 . 2 . 9 5 1 Fire 165 | 3 43 7 30 . . . 82 . . Melee 32 | . . . . . . . . 28 4 Ram 1 | . . . . . . . 1 . . Kick . | . . . . . . . . . . Crush . | . . . . . . . . . . Escape Stasis 12 | . . . . . . . . 12 . Rewire . | . . . . . . . . . . Trap . | . . . . . . . . . . Miscellaneous 32 | . 11 6 5 . . . 10 . . Route ------- -11/Scrapyard -10/Materials (discovered 3 exits: *Mat / *Min x2) -10/Mines (discovered 2 exits: *Mat x2) -9/Materials (discovered 4 exits: Mat x2 / *Min x2) -9/Mines -9/Exiles -8/Mines -8/Materials (discovered 3 exits: *Fac x3) -7/Factory -6/Factory History --------- Turn | Location | Event 1 | -11/Scrapyard | Upgraded with Utility slot (x1) 6 | -11/Scrapyard | Discovered new exit (range 15) 23 | -11/Scrapyard | Entered Materials 176 | -10/Materials | Identified exit to Mines 178 | -10/Materials | Discovered new exit (range 14) 262 | -10/Materials | Entered Mines 273 | -10/Mines | Reached level 2 303 | -10/Mines | Build established: Hacker-Mutant 323 | -10/Mines | Discovered new exit (range 3) 323 | -10/Mines | Identified exit to Materials 375 | -10/Mines | Upgraded with Utility slot (x1) 445 | -10/Mines | Learned location of 2 exits from Materials 462 | -10/Mines | Learned Materials non-interactive machine intel 466 | -10/Mines | Discovered exit to Materials (range 14) 479 | -10/Mines | Entered Materials 480 | -9/Materials | Identified exit to Mines 481 | -9/Materials | Identified exit to Materials 481 | -9/Materials | Reached level 3 482 | -9/Materials | Loaded intel: 46 non-interactive machine locations 482 | -9/Materials | Upgraded with Utility slot (x1) 708 | -9/Materials | Entered Mines 710 | -9/Mines | Reached level 4 710 | -9/Mines | Upgraded with Utility slot (x1) 719 | -9/Mines | Deemed a non-threat by the Exiles lab entrance 719 | -9/Mines | Discovered new exit (range 5) 721 | -9/Mines | Identified exit to Exiles 763 | -9/Mines | Entered Exiles 773 | -9/Exiles | Met 8R-AWN 780 | -9/Exiles | Met EX-HEX 791 | -9/Exiles | Met EX-BIN 796 | -9/Exiles | Aligned with FarCom system 796 | -9/Exiles | Given EX-Vault access code 806 | -9/Exiles | Opened EX-Vault 808 | -9/Exiles | Found Prototype Processor 808 | -9/Exiles | Identified 0b10 Alert Chip 810 | -9/Exiles | Found Prototype Device 810 | -9/Exiles | Identified Trap Reconfigurator 813 | -9/Exiles | Found Prototype Device 813 | -9/Exiles | Identified Chronowheel 813 | -9/Exiles | Activated Chronowheel 813 | -9/Exiles | Spacetime reconverged on an earlier point 825 | -9/Exiles | Warned to stay clear of 0b10 Research branches 835 | -9/Exiles | Met EX-DEC 852 | -9/Exiles | Discovered new exit (range 10) 855 | -9/Exiles | Identified exit to Mines 855 | -9/Exiles | Left Exiles lab with Trap Reconfigurator 855 | -9/Exiles | Entered Mines 856 | -8/Mines | Discovered exit to Materials (range 6) 983 | -8/Mines | Entered Materials 985 | -8/Materials | Reached level 5 1031 | -8/Materials | Reached level 6 1504 | -8/Materials | Identified exit to Factory 1550 | -8/Materials | Reached level 7 1596 | -8/Materials | Core integrity fell below 50% 1672 | -8/Materials | Entered Factory 1673 | -7/Factory | Core integrity fell below 50% 1674 | -7/Factory | Reached level 8 1743 | -7/Factory | Fabricated Hvy. Hammer (x2) 1869 | -7/Factory | Local fabrication network quarantined 2148 | -7/Factory | Core integrity fell below 20% 2204 | -7/Factory | Discovered new exit (range 6) 2209 | -7/Factory | Entered another Factory area 2210 | -6/Factory | Core integrity fell below 50% 2210 | -6/Factory | Core integrity fell below 20% 2211 | -6/Factory | Reached level 9 2280 | -6/Factory | Fabricated B-48 Gladiator (x3) 2348 | -6/Factory | Fabricated B-48 Gladiator (x3) 2418 | -6/Factory | Fabricated B-48 Gladiator (x3) 2498 | -6/Factory | Local fabrication network quarantined 2533 | -6/Factory | Destroyed by P-60 Hacker with Shock Rifle Last Messages --------------- Building B-48 Gladiator... ETC: 67 02348_ Fabricator completes B-48 Gladiator. 02351_ Connecting with Fabricator... >>Build Building B-48 Gladiator... ETC: 67 02418_ Fabricator completes B-48 Gladiator. 02457_ Acquired Imp. Melee Analysis Suite. 02481_ Destroyed Imp. Hover Unit. 02481_ W-25 Informer system corrupted by crushing effect. 02482_ W-25 Informer system terminally corrupted. 02482_ Imp. Sensor Array fried. 02482_ Visual Processing Unit fried. 02482_ Imp. Hover Unit fried. 02498_ ALERT: Fabrication network compromised, local systems quarantined. 02501_ Dropped Hvy. Hammer. 02511_ Alarm Trap disarmed. 02532_ Destroyed Imp. Heat Sink. 02532_ P-60 Hacker system corrupted by crushing effect. Map ----- +----------------------------------------------------+ | ?????????????????????????????????????????????????? | | ?????????????????????????????????????????????????? | | ?????????????????????????????????????????????????? | | ?????????????????????????????????????????????????? | | ########?????????????????????????????????????????? | | #?????????????????????????????????????????? | | #?????????????????????????????????????????? | | !/ #?????????????????????????????????????????? | | // #?????????????????????????????????????????? | | / #?????????????????????????????????????????? | | #?????????????????????????????????????????? | | #?????????????????????????????????????????? | | #?????????????????????????????????????????? | | ? #?????????????????????????????????????????? | | ?#######??????????????#####??????????????????????? | | ???????????????????? ? ??#???????????????????? | | ???????????????????? ? #???????????????????? | | ????????????????#?"?" " " " #???????????????????? | | ????????????????# " " " " " #???????????????????? | | ????????????????# " " " " " #???????????????????? | | #############???# " " " " " #???????????????????? | | #???# " " " " " #???????????????????? | | #???# " " " " " #???????????????????? | | "" """ """ #???# " " " " " #???????????????????? | | "" """ """ #???# " " " " " #???????????????????? | | "" """ """ #???# " " " "@" [#???????????????????? | | #???# bbpb #???????????????????? | | "" """ """ ##########b#############+############? | | "" """ """ bb?? | | "" """ """ ? | | % | | | | | | ######################+#############+############? | | #??????????# ! #???????????????????? | | " #??????????# """" #???????????????????? | | " #??????????# !!/ """ ""R" ????????????????????? | | " #??????????# !!/ """ "" " #???????????????????? | | #??????????# !// """ #???????????????????? | | ???????????# #???????????????????? | | ###???????????################???????????????????? | | | | | | | | | | | | | | | | | | | +----------------------------------------------------+ Best States ------------- Heat Dissipation 31 Energy Generation 25 Energy Capacity 280 Matter Stores 300 Matter Capacity 300 Sight Range 21 Robot Scan Range 6 Terrain Scan Density 110 Heat Shielding 75 Armor Coverage 150 Resistance: KI 10 Resistance: TH 5 Resistance: EX 5 Evasion (%) 62 Targeting Accuracy 10 Melee Accuracy 6 Target Analysis 5 Offensive Hacking 25 Defensive Hacking 20 Item Schematics ----------------- Imp. Treads | -9/Materials | Extracted Sensor Array | -9/Materials | Extracted Lgt. Assault Rifle | -9/Materials | Extracted Hvy. Hammer | -9/Materials | Extracted Seismic Analyzer | -9/Materials | Extracted Cooling System | -9/Materials | Hacked Robot Schematics ------------------ B-48 Gladiator | -7/Factory | Hacked Fabricated ------------ Hvy. Hammer | x2 | -7/Factory B-48 Gladiator | x3 | -6/Factory B-48 Gladiator | x3 | -6/Factory B-48 Gladiator | x3 | -6/Factory Alien Tech Used ----------------- None Achievements -------------- None Challenges ------------ None RPGLIKE | -11 -10 -10 -9 -9 -9 -8 -8 -7 -6 --------- Run | Scr Mat Min Mat Min Exi Min Mat Fac Fac Levels Raised 8 | . . 1 1 1 . . 3 1 1 XP Earned 15822 | 3000 820 950 2580 500 350 500 3385 2077 1660 XP Spent 14960 | 2700 . 1400 1855 1500 . . 4525 1475 1505 Upgrades 42 | 7 . 3 6 2 . . 15 6 3 Utility Slot 4 | 1 . 1 1 1 . . . . . Core Integrity 9 | . . . 3 . . . . 5 1 Heat Dissipation 1 | . . . 1 . . . . . . Energy Generation 3 | . . . . . . . 3 . . Energy Storage 1 | . . . . . . . 1 . . Mass Support 1 | 1 . . . . . . . . . Sight Range 1 | . . . . 1 . . . . . Sensor Range 3 | . . . . . . . 3 . . Terrain Scan Density 1 | . . . . . . . 1 . . Ranged Accuracy 2 | . . 1 . . . . 1 . . Melee Accuracy 3 | . . 1 . . . . 1 . 1 Hack Attack % 5 | 2 . . 1 . . . 1 . 1 Hack Defense % 4 | 3 . . . . . . . 1 . KI Resistance % 2 | . . . . . . . 2 . . TH Resistance % 1 | . . . . . . . 1 . . EX Resistance % 1 | . . . . . . . 1 . . Protomatter Created 195 | . 83 . 34 . . . 78 . . Integrity Restored 650 | . 204 139 102 . . . 205 . . Core 593 | . 171 139 102 . . . 181 . . Parts 57 | . 33 . . . . . 24 . . Protomatter Decayed 23 | . 13 1 . . . . 9 . . Game ------ Seed StealthModifiedPenetrator Manual? 0 Play Time 00:38:34 Cumulative 90.7 hours Start 2020.10.03 @ 20:36:00 End 2020.10.03 @ 21:12:31 Sessions 1 Manual Loads 0 Difficulty Rogue Special Mode Winter2019/RPGLIKE Game No. 129 Rogue 105 Adventurer 22 Explorer 2 Win Type - Total 1 Types 1/0/0/0/0/0/0/0/0 Lore% 46 Gallery% 50 Achievement% 42 Wizard Run 0 Options --------- ASCII 0 Keyboard 0 Movement Numpad Keybinds 0 Fullscreen 1 Font 14/SmallcapsGlow Map View 84x54 Tactical HUD 1 Map Filters NONE Filters NONE Steam 1 RUN: b28024d8-cad3-4742-8472-0bdf78a5bec5